 Dungeon Crawl Stone Soup version 0.29.0-13-gc9e81de378 (webtiles) character file.

Game seed: 14458842115989236464

5108 LabCoat the Cleaver (level 10, 0/88 HPs)
             Began as a Hill Orc Fighter on Sept 9, 2022.
             Was a Follower of Trog.
             Slain by a gnoll sergeant
             ... wielding a +0 spear of freezing
              (3 damage)
             ... on level 8 of the Dungeon.
             The game lasted 00:41:09 (8395 turns).

LabCoat the Cleaver (Hill Orc Fighter)              Turns: 8395, Time: 00:41:10

Health: 0/88       AC: 17    Str: 24    XL:     10   Next: 57%
Magic:  10/10      EV:  6    Int:  8    God:    Trog [*.....]
Gold:   364        SH:  5    Dex: 10    Spells: 9/9 levels left

rFire   . . .      SeeInvis +   a - +0 war axe
rCold   . . .      Faith    .   c - +0 buckler
rNeg    + . .      Spirit   .   g - +0 plate armour
rPois   .          Reflect  .   w - +0 helmet
rElec   .          Harm     .   p - +0 cloak
rCorr   .          Rampage  .   E - +0 pair of gloves
Will    .....                   (no boots)
Stlth   ..........              (no amulet)
HPRegen 0.24/turn               i - ring of see invisible
MPRegen 0.12/turn               b - ring of positive energy

@: mighty, on berserk cooldown, slowed, very slow
A: no striking features
a: Renounce Religion, Berserk


You were on level 8 of the Dungeon.
You worshipped Trog.
Trog was aware of your devotion.
You visited 2 branches of the dungeon, and saw 9 of its levels.
You also visited: Ossuary.

You collected 364 gold pieces.

Inventory:

Hand Weapons
 a - a +0 war axe (weapon)
 s - a +4 mace
 x - a +3 battleaxe
Missiles
 j - 8 boomerangs
 o - a throwing net
 C - 5 javelins (quivered)
 G - a curare-tipped dart
Armour
 c - a +0 buckler (worn)
 g - a +0 plate armour (worn)
 p - a +0 cloak (worn)
 w - a +0 helmet (worn)
 E - a +0 pair of gloves (worn)
Jewellery
 b - a ring of positive energy (right hand)
 i - a ring of see invisible (left hand)
 l - an amulet of faith
 q - the ring "Ciliny" {Fly Int+3}
   (You found it on level 3 of the Dungeon)

   [ring of flight]

   Int:       It affects your intelligence (+3).
   Fly:       It grants you flight.
Wands
 d - a wand of roots (4)
 A - a wand of charming (11)
 B - a wand of flame (4)
Scrolls
 k - a scroll of brand weapon {unknown}
 u - a scroll of magic mapping
 v - a scroll of silence
 y - a scroll of blinking
Potions
 e - 2 potions of flight
 f - a potion of brilliance
 h - 2 potions of resistance
 m - 2 potions of curing
 n - 2 potions of magic
 r - a potion of cancellation
 t - 2 potions of lignification
 z - a potion of ambrosia {unknown}


   Skills:
 + Level 7.7 Fighting
 * Level 10.6(11.6) Axes
 + Level 6.0(8.3) Maces & Flails
 - Level 4.0 Throwing
 + Level 6.8 Armour
 + Level 6.7 Shields
 + Level 5.1 Evocations


You had 9 spell levels left.
You didn't know any spells.
Your spell library contained the following spells:

 Spells                   Type           Power      Damage    Failure   Level
 Slow                     Hex            0%         N/A       100%        1
 Confusing Touch          Hex            0%         N/A       100%        3
 Conjure Flame            Conj/Fire      0%         6-21      100%        3
 Ignite Poison            Fire/Tmut/Pois 0%         N/A       100%        3
 Vampiric Draining        Necr           0%         2d6       100%        3
 Fulminant Prism          Conj/Hex       0%         3d6       100%        4
 Iskenderun's Mystic Bla  Conj/Tloc      0%         2d3       100%        4
 Sticky Flame             Conj/Fire      0%         2d3       100%        4
 Lee's Rapid Deconstruct  Erth           0%         3d5*      100%        5


Dungeon Overview and Level Annotations

Branches:
Dungeon (8/15)             Temple (1/1) D:7         Ossuary (visited)
   Lair: D:8-11

Altars:
Ashenzari
Cheibriados
Dithmenos
Elyvilon
Fedhas
Gozag
Hepliaklqana
Kikubaaqudgha
Makhleb
Nemelex Xobeh
Okawaru
Qazlal
Ru
Sif Muna
Trog
Uskayaw
Vehumet
Wu Jian
Xom
Yredelemnul
Zin
The Shining One

Shops:
D:3 *:=(:


Message History

The gnoll sergeant freezes you.
* * * LOW HITPOINT WARNING * * *
The gnoll hits you but does no damage. You block the gnoll's attack.
You feel better.
The gnoll sergeant hits you from afar with a +0 spear of freezing!
* * * LOW HITPOINT WARNING * * *
The gnoll sergeant freezes you.
* * * LOW HITPOINT WARNING * * *
The gnoll barely misses you. x2
The gnoll closely misses you.
The gnoll sergeant attacks as you move away!
You block the gnoll sergeant's attack.
The gnoll sergeant hits you but does no damage.
The gnoll hits you but does no damage.
You closely miss the gnoll.
The gnoll sergeant hits you but does no damage.
The gnoll hits you with a +0 spear.
* * * LOW HITPOINT WARNING * * *
The gnoll hits you with a +0 spear.
* * * LOW HITPOINT WARNING * * *
The gnoll sergeant hits you but does no damage.
You slash the gnoll!
You kill the gnoll!
Trog accepts your kill.
The gnoll sergeant hits you but does no damage.
You see here a +0 spear.
The gnoll sergeant hits you but does no damage.
The gnoll sergeant hits you from afar with a +0 spear of freezing.
* * * LOW HITPOINT WARNING * * *
The gnoll sergeant freezes you.
* * * LOW HITPOINT WARNING * * *
Okay, then.
The gnoll sergeant hits you from afar with a +0 spear of freezing.
* * * LOW HITPOINT WARNING * * *
The gnoll sergeant freezes you.
* * * LOW HITPOINT WARNING * * *
The gnoll sergeant barely misses you.
The gnoll sergeant completely misses you.
The gnoll sergeant hits you from afar with a +0 spear of freezing.
You die...

#.###.####.##.##.....#
#.....# #[##.#####..#
#######.)#### #.##.#
#.#### .........#####
#)##.#####.....
.##....).g...#
#.#......######
#....†####g# #)#......#
#....)# #g# #)#......#
#.....####.###.#......#
#.....#....@...#......#
#.....#......###......#
#.....#......# ##.#####
#.....#......# #.#
#.....#......#
##.##########
#.....########
#............
#.#.#.#.#.#.#
#............
#.#.#.#.#.#.#


You could see a gnoll sergeant and a gnoll.

Vanquished Creatures
  Grinder (D:3)
  A hornet (D:8)
  6 yaks (D:8)
  A water moccasin (D:7)
  An acid dragon (D:6)
  5 black bears
  An ice beast (D:5)
  A sky beast (D:7)
  3 ogres
  3 centaurs
  A kobold brigand (D:8)
  2 phantoms
  An elf zombie (Ossuary)
  2 gnoll sergeants
  3 bullfrogs
  3 necrophages (D:6)
  An elf skeleton (D:6)
  8 wights (D:8)
  6 killer bees (D:6)
  4 howler monkeys
  A centaur zombie (Ossuary)
  A human zombie (Ossuary)
  2 orc priests
  A human skeleton (D:6)
  4 hounds
  A jelly (D:4)
  3 iron imps (D:5)
  Terence (D:2)
  4 iguanas
  Natasha (thrice) (D:4)
  2 mummies (Ossuary)
  Robin (D:4)
  8 gnolls
  4 adders
  2 shadow imps (D:5)
  A white imp (D:7)
  An ufetubus (D:7)
  3 adder zombies (Ossuary)
  2 dart slugs
  13 orcs
  4 ball pythons
  2 endoplasms
  3 giant cockroaches
  16 goblins
  3 hobgoblins
  2 quokkas
  3 bats
  3 frilled lizards
  10 hobgoblin zombies (Ossuary)
  A jackal zombie (Ossuary)
  8 kobolds
  12 kobold zombies (Ossuary)
  An orc skeleton (D:6)
  9 orc zombies
  2 rats (D:1)
  2 rat zombies (Ossuary)
193 creatures vanquished.

Vanquished Creatures (others)
  22 plants (D:4)
22 creatures vanquished.

Grand Total: 215 creatures vanquished

Notes
Turn   | Place    | Note
-------+----------+-------------------------------------------
     0 | D:1      | LabCoat the Hill Orc Fighter began the quest for the Orb.
     0 | D:1      | Reached XP level 1. HP: 19/19 MP: 1/1
    87 | D:1      | Reached skill level 3 in Axes
   180 | D:1      | Reached XP level 2. HP: 27/27 MP: 2/2
   335 | D:1      | Reached XP level 3. HP: 18/33 MP: 3/3
   674 | D:1      | Found a faded altar of an unknown god.
  1032 | D:2      | Reached skill level 1 in Maces & Flails
  1356 | D:2      | Noticed Terence
  1360 | D:2      | Killed Terence
  1361 | D:2      | Reached skill level 4 in Axes
  1361 | D:2      | Reached XP level 4. HP: 40/40 MP: 4/4
  1822 | D:3      | Found Vuihivos's Book Emporium.
  1903 | D:3      | Found Woomnu's Book Shoppe.
  1909 | D:3      | Identified the ring "Ciliny" {Fly Int+3}
  1926 | D:3      | Noticed Grinder
  1953 | D:3      | Killed Grinder
  1954 | D:3      | Reached skill level 1 in Throwing
  1954 | D:3      | Reached skill level 1 in Evocations
  1954 | D:3      | Reached XP level 5. HP: 11/47 MP: 5/5
  1954 | D:3      | Reached XP level 6. HP: 13/53 MP: 6/6
  2189 | D:3      | Found Iwyazeox's Weapon Shoppe.
  2201 | D:3      | Reached skill level 5 in Axes
  2289 | D:3      | Found Maetaef's Jewellery Boutique.
  2308 | D:3      | Found Qevyghao's General Store.
  2621 | D:4      | Reached XP level 7. HP: 54/60 MP: 7/7
  2907 | D:4      | Reached skill level 6 in Axes
  2914 | D:4      | Noticed Natasha
  2919 | D:4      | You fall into a shaft and drop 1 floor!
  2919 | D:5      | Entered Level 5 of the Dungeon
  2950 | D:5      | Reached skill level 5 in Fighting
  3079 | D:4      | Noticed Robin
  3100 | D:4      | Killed Robin
  3200 | D:4      | Killed Natasha
  3278 | D:4      | Noticed Natasha
  3292 | D:4      | Killed Natasha
  3423 | D:4      | Noticed Natasha
  3428 | D:4      | Killed Natasha
  3782 | D:5      | Reached XP level 8. HP: 62/68 MP: 8/8
  3918 | D:5      | Found a burning altar of Makhleb.
  4058 | D:6      | Reached skill level 5 in Armour
  4069 | D:6      | Reached skill level 7 in Axes
  4164 | D:6      | Reached skill level 5 in Shields
  4298 | D:6      | Found a sand-covered staircase.
  4312 | Ossuary  | Entered an ossuary
  4770 | D:6      | Reached XP level 9. HP: 75/75 MP: 9/9
  4876 | D:6      | Reached skill level 8 in Axes
  6286 | D:7      | Reached skill level 9 in Axes
  6571 | D:7      | Found a staircase to the Ecumenical Temple.
  6580 | Temple   | Entered the Ecumenical Temple
  6665 | Temple   | Became a worshipper of Trog the Wrathful
  6946 | D:7      | Reached skill level 5 in Maces & Flails
  7544 | D:8      | Reached XP level 10. HP: 82/86 MP: 10/10
  7841 | D:8      | Reached skill level 10 in Axes
  8056 | D:8      | Reached skill level 5 in Evocations
  8206 | D:8      | Reached * piety under Trog
  8387 | D:8      | HP: 4/88 [gnoll sergeant/+0 spear of freezing (3)]
  8389 | D:8      | HP: 1/88 [gnoll sergeant/+0 spear of freezing (1)]
  8395 | D:8      | Slain by a gnoll sergeant

Illustrated notes

Levels and vault maps discovered:
D:1:      enne_arrival_octagon_isle, layout_loops_ring,
          hellmonk_ecumenical_altar_crossroads, minmay_fountain_box,
          minmay_tetromino_l2
D:2:      layout_basic, uniq_terence
D:3:      layout_rooms, serial_shops, shop_fountains, nicolae_shop_statue_plus,
          shop, nicolae_shop_stone, shop, serial_bayou_crossing, uniq_grinder
D:4:      layout_rooms, kennysheep_boxes, uniq_robin, uniq_natasha
D:5:      layout_basic, demons_altar
D:6:      layout_basic, nicolae_ossuary_entry_catacombs, moated_statue,
          hangedman_abyss_or_decor_slice, st_stairs_3,
          hangedman_decor_slide_cut, chequers_serial_rivers_small_a
D:7:      layout_loops_ring, minmay_temple_entry_arrows, minmay_starry_boxes
D:8:      layout_basic, st_stairs_11
Temple:   roderic_octagonal_lattice_temple

Skill      XL: |  1  2  3  4  5  6  7  8  9 10 |
---------------+-------------------------------+-----
Axes           | 3 4 5 6 7 9 10 | 10.6
Maces & Flails | 1 2 3 4 5 6 |  6.0
Fighting       | 4 5 6 7 |  7.7
Throwing       | 1 2 3 4 |  4.0
Armour         | 4 5 6 |  6.8
Shields        | 4 5 6 |  6.7
Evocations     | 1 2 3 4 5 |  5.1

Action                   |  1- 3 |  4- 6 |  7- 9 | 10-12 || total
-------------------------+-------+-------+-------+-------++-------
Melee: War axe           |    33 |    22 |   443 |   111 ||   609
Throw: Boomerang         |    30 |    15 |    81 |       ||   126
       Javelin           |       |       |     4 |     7 ||    11
Invok: Berserk           |       |       |       |     1 ||     1
Evoke: Wand              |       |    23 |    10 |     5 ||    38
  Use: Scroll            |     3 |     3 |    12 |     1 ||    19
       Potion            |     1 |       |     5 |     4 ||    10
Armor: Scale mail        |     7 |       |       |       ||     7
       Chain mail        |       |     3 |   217 |       ||   220
       Plate armour      |       |       |    63 |    69 ||   132
Dodge: Dodged            |    13 |     7 |   140 |    34 ||   194
Block: Buckler           |     6 |     4 |   101 |    29 ||   140
